 Dungeon Crawl Stone Soup version 0.28-a0-730-g892d06dc2c (webtiles) character file.

Game seed: 319261683642729223

54766 croobank the Protected (level 14, -1/189 HPs)
             Began as a Minotaur Berserker on Oct 28, 2021.
             Was a High Priest of Trog.
             Slain by a brown very ugly thing (11 damage)
             ... on level 1 of the Depths on Oct 29, 2021.
             The game lasted 04:12:29 (20562 turns).

croobank the Protected (Minotaur Berserker)        Turns: 20562, Time: 04:12:30

Health: -1/189     AC: 23    Str: 24 (25) XL:     14   Next: 35%
Magic:  13/13      EV:  2    Int:  3 (4)  God:    Trog [*****.]
Gold:   662        SH:  0    Dex: 12      Spells: 13/13 levels left

rFire   . . .      SeeInvis .   e - +0 war axe (vamp)
rCold   . . .      Faith    .   (no shield)
rNeg    + . .      Spirit   .   (armour currently unavailable)
rPois   +          Reflect  .   (helmet currently unavailable)
rElec   .          Harm     .   (cloak currently unavailable)
rCorr   .          Rampage  .   (gloves currently unavailable)
Will    +++..      Rage     1%  (boots currently unavailable)
Stlth   ++........ NoTele   +   (no amulet)
HPRegen 1.41/turn               J - ring of positive energy
MPRegen 0.13/turn               b - +4 ring of protection

@: tree-form, strong-willed, corroded, on berserk cooldown, regenerating,
slowed, unable to read, very slow
A: stationary, stasis, torment immunity, boosted hp, (horns 2), (retaliatory
headbutt), berserk 1, deterioration 1, screaming 1, no potion heal 1, inability
to read while threatened, MP-powered wands
a: Renounce Religion, Berserk, Trog's Hand, Brothers in Arms


You were on level 1 of the Depths.
You worshipped Trog.
Trog was extremely pleased with you.
You were a tree.
You visited 3 branches of the dungeon, and saw 17 of its levels.
You visited the Abyss 1 time.

You collected 662 gold pieces.

Inventory:

Hand Weapons
 e - a +0 vampiric war axe (weapon)
 i - the +4 flail of Cadgh {freeze, rElec rF+ Str+4 SInv}
   (You found it on level 12 of the Dungeon)

   It freezes those it strikes, dealing additional cold damage.
   It can also slow down cold-blooded creatures.
   Str:       It affects your strength (+4).
   rF:        It protects you from fire.
   rElec:     It insulates you from electricity.
   SInv:      It lets you see invisible.
 l - a +8 antimagic dire flail
 o - a +0 arbalest
 I - a +4 great mace
 M - a +6 halberd of freezing
 X - a +5 vampiric scythe
 Z - a +2 great sword of electrocution
Missiles
 c - 14 boomerangs
 d - 10 curare-tipped darts
 f - 94 poisoned darts
 s - 80 bolts
 E - 2 throwing nets (quivered)
Armour
 g - the +1 robe "Jorenoc" {rElec rC+ Dex+2}
   (You found it on level 15 of the Dungeon)

   Dex:       It affects your dexterity (+2).
   rC:        It protects you from cold.
   rElec:     It insulates you from electricity.
 j - a +2 cloak (melded)
 k - a +0 kite shield of positive energy
 F - a +0 robe of fire resistance
 G - a +0 pair of gloves of dexterity
 L - the +27 Lear's hauberk (melded)
   (You found it on level 7 of the Dungeon)
 N - a +1 pair of gloves of archery
 R - a +0 robe of fire resistance
 T - a +1 ring mail of fire resistance
Jewellery
 b - a +4 ring of protection (right branch)
 h - a +6 ring of intelligence
 B - an amulet of magic regeneration
 D - an amulet of faith
 J - a ring of positive energy (left branch)
Wands
 a - a wand of mindburst (4)
 r - a wand of charming (2)
 w - a wand of paralysis (12)
 z - a wand of acid (8)
 H - a wand of digging (2)
 O - a wand of polymorph (18)
Scrolls
 n - 2 scrolls of magic mapping
 q - a scroll of brand weapon {unknown}
 t - 2 scrolls of fear
 v - 3 scrolls of blinking {unknown}
 x - 4 scrolls of enchant armour {unknown}
 y - 6 scrolls of teleportation
 P - a scroll of fog
 Q - a scroll of silence {unknown}
 W - a scroll of holy word {unknown}
Potions
 m - 2 potions of lignification
 p - 2 potions of flight
 C - a potion of berserk rage
 S - 2 potions of ambrosia
 U - a potion of invisibility {unknown}
 V - 7 potions of curing
Miscellaneous
 K - a lightning rod (inert)


   Skills:
 + Level 12.1 Fighting
 + Level 2.9 Long Blades
 + Level 12.5(15.7) Axes
 + Level 7.8(11.2) Maces & Flails
 + Level 13.6(15.6) Polearms
 + Level 10.4 Throwing
 + Level 13.8 Armour
 + Level 6.8 Dodging
 + Level 2.5 Stealth
 + Level 1.8 Evocations


You had 13 spell levels left.
You didn't know any spells.
Your spell library contained the following spells:

 Spells                   Type           Power      Damage    Failure   Level
 Magic Dart               Conj           0%         1d3       52%         1
 Call Imp                 Summ           0%         N/A       67%         2
 Mephitic Cloud           Conj/Pois/Air  0%         N/A       88%         3


Dungeon Overview and Level Annotations

Branches:
Dungeon (15/15)            Temple (1/1) D:4            Lair (0/6) D:8
    Orc (0/2) D:9          Vaults (0/5) D:13         Depths (1/4) D:15

Altars:
Ashenzari
Cheibriados
Dithmenos
Fedhas
Gozag
Hepliaklqana
Kikubaaqudgha
Makhleb
Nemelex Xobeh
Okawaru
Qazlal
Ru
Sif Muna
Trog
Uskayaw
Vehumet
Wu Jian
Xom
Yredelemnul
Zin
The Shining One
Beogh

Shops:
D:14 (

Portals:
Pandemonium: Depths:1
Trove: D:12 (give 16 scrolls of teleportation)


Innate Abilities, Weirdness & Mutations

You are a tree.
Your roots penetrate the ground, keeping you stationary.
You cannot be teleported.
You are immune to unholy pain and torment.
Your maximum health is greatly increased.
Your equipment is partially melded.
((You have a pair of horns on your head.))
((You reflexively headbutt those who attack you in melee.))
You tend to lose your temper in combat.
Your body sometimes deteriorates upon taking damage.
You occasionally shout uncontrollably at your foes.
Potions are less effective at restoring your health.
You sometimes lose the ability to read scrolls when taking damage.
You expend magic power (3 MP) to strengthen your wands.


Message History

The brown ugly thing basks in the mutagenic energy from its kin and changes!
The brown very ugly thing trunk-slaps you but does no damage.
The brown very ugly thing basks in the mutagenic energy from its kin and changes!
The white very ugly thing basks in the mutagenic energy from its kin and changes!
The green very ugly thing basks in the mutagenic energy from its kin and changes!
The brown very ugly thing barely misses you.
The brown very ugly thing kicks you but does no damage.
The brown very ugly thing kicks you but does no damage.
Your skin crawls.
You feel strong-willed.
The white ugly thing basks in the mutagenic energy from its kin and changes!
The green very ugly thing basks in the mutagenic energy from its kin and changes!
The brown very ugly thing kicks you. The acid corrodes you!
You are splashed with acid!
* * * LOW HITPOINT WARNING * * *
You closely miss the brown very ugly thing. x2
The brown very ugly thing barely misses you.
You furiously retaliate!
You headbutt the brown very ugly thing, but do no damage.
The brown very ugly thing kicks you!
* * * LOW HITPOINT WARNING * * *
You are splashed with acid!
* * * LOW HITPOINT WARNING * * *
Okay, then.
Okay, then.
Press: ? - help, v - describe, . - travel
Here: a brown very ugly thing The floor.
Really quaff the potion of lignification?
Uppercase [Y]es or [N]o only, please.
Really quaff the potion of lignification?
You turn into a tree.
Your +2 cloak melds into your body.
The +27 Lear's hauberk melds into your body.
Your roots penetrate the ground.
The brown very ugly thing trunk-slaps you!
* * * LOW HITPOINT WARNING * * *
The acid corrodes you!
You are splashed with acid!
* * * LOW HITPOINT WARNING * * *
The brown very ugly thing tail-slaps you!
You die...

#.###....# #.....####
##....(..##
#.#..u..#.#
#..#.u.#..#
#...#.#...#
#####Cu...#
#...#u#...# #.#
#..#u♣u#..# #.#
#.#.!...#.# #.#
##.......## #.#
####.....####
#.#######>.##.......##
#.#.......##.#.....#.#
#.#.#####'##..#...#..#
#.#.###....#...#.#...#
......+....#####.....#


You could see 4 very ugly things, a stone giant and 2 ugly things.

Vanquished Creatures
  2 tentacled starspawn (Abyss:2)
  A tengu reaver (D:12)
  Snorg (D:11)
  4 hydras
  A rakshasa (Depths:1)
  An ice dragon (Depths:1)
  4 vault guards
  3 boulder beetles
  Erolcha (D:9)
  Harold (D:9)
  4 centaur warriors
  4 two-headed ogres
  3 tengu warriors (D:14)
  A death knight (D:15)
  A sixfirhy (Depths:1)
  6 skeletal warriors
  A wizard (D:15)
  A shadow dragon zombie (D:15)
  A phantasmal warrior (D:12)
  A necromancer (D:15)
  A frost giant zombie (D:15)
  6 ugly things
  A deep elf pyromancer (D:14)
  3 manticores
  6 cyclopes
  A fire giant zombie (D:15)
  A black mamba (shapeshifter) (D:13)
  A rust devil (Depths:1)
  An orange demon (Depths:1)
  2 kobold demonologists
  An efreet (D:15)
  A hellwing (Depths:1)
  2 ice devils (Depths:1)
  A tengu conjurer (D:14)
  7 trolls
  A hornet (D:7)
  Prince Ribbit (D:8)
  6 slime creatures (D:12)
  4 vampires
  2 shadows
  2 ynoxinuls (Depths:1)
  A wyvern (D:8)
  4 wraiths
  12 yaks
  9 humans (D:13)
  A neqoxec (Depths:1)
  4 vampire mosquitoes (D:14)
  A basilisk (D:13)
  A harpy simulacrum (D:15)
  2 water moccasins
  2 acid dragons
  An ice beast (D:7)
  2 black bears
  A meliai simulacrum (D:11)
  A necrophage (D:5)
  4 orc warriors
  2 wolves (D:8)
  2 ogres
  A wolf (shapeshifter) (D:13)
  9 centaurs
  2 phantoms
  4 kobold brigands
  2 bullfrogs
  A gnoll sergeant (D:6)
  3 scorpions
  6 killer bees
  13 wights
  2 electric eels (D:8)
  2 howler monkeys
  2 centaur zombies (D:9)
  6 orc priests
  2 centaur skeletons (D:7)
  5 hounds (D:8)
  2 gnoll shamans
  3 iron imps (D:3)
  5 orc wizards
  3 howler monkey zombies
  2 howler monkey skeletons
  15 gnolls
  3 adders
  A shadow imp (D:7)
  2 white imps (D:8)
  An ufetubus (D:4)
  3 worms
  2 dart slugs
  18 orcs
  3 bats (D:2)
  5 endoplasms
  4 giant cockroaches
  7 hobgoblins
  6 jackals (D:3)
  5 quokkas
  8 ball pythons
  3 frilled lizards
  7 goblins
  26 kobolds
  6 rats
  A fire vortex (Depths:1)
  A starspawn tentacle (Abyss:2)
345 creatures vanquished.

Vanquished Creatures (collateral kills)
  A reaper (Depths:1)
  2 stone giants (Depths:1)
  An ettin (Depths:1)
  A hydra (D:15)
  A flayed ghost (D:15)
  A skeletal warrior (D:15)
  An orange demon (Depths:1)
  A water elemental (Depths:1)
  A basilisk (D:12)
  A tengu skeleton (D:15)
11 creatures vanquished.

Vanquished Creatures (others)
  A wraith (D:12)
  2 plants (D:14)
  11 starspawn tentacles (Abyss:2)
  A withered plant (D:15)
15 creatures vanquished.

Grand Total: 371 creatures vanquished

Notes
Turn   | Place    | Note
-------+----------+-------------------------------------------
     0 | D:1      | croobank the Minotaur Berserker began the quest for the
                  | Orb.
     0 | D:1      | Reached XP level 1. HP: 19/19 MP: 0/0
     3 | D:1      | Gained mutation: You sometimes lose the ability to read
                  | scrolls when taking damage. [potion of mutation]
     3 | D:1      | Gained mutation: You occasionally shout uncontrollably at
                  | your foes. [potion of mutation]
     3 | D:1      | Gained mutation: You expend magic power (3 MP) to
                  | strengthen your wands. [potion of mutation]
   166 | D:1      | Reached XP level 2. HP: 14/27 MP: 1/1
   996 | D:2      | Reached XP level 3. HP: 33/33 MP: 2/2
  1145 | D:2      | Reached ** piety under Trog
  1605 | D:2      | Found a faded altar of an unknown god.
  1740 | D:2      | Reached XP level 4. HP: 40/40 MP: 3/3
  1804 | D:3      | Reached skill level 5 in Axes
  1889 | D:3      | Noticed a scorpion
  1897 | D:3      | Killed a scorpion
  1898 | D:3      | Reached XP level 5. HP: 47/47 MP: 4/4
  1999 | D:3      | Found an ornate altar of the Wu Jian Council.
  2342 | D:3      | Found a burning altar of Makhleb.
  2954 | D:4      | Reached *** piety under Trog
  2966 | D:4      | Reached XP level 6. HP: 36/53 MP: 5/5
  3127 | D:4      | Identified the +3 leather armour "Ratuzev" {Drain rF+++
                  | Slay-3 SInv}
  3718 | D:4      | Found a staircase to the Ecumenical Temple.
  3727 | Temple   | Entered the Ecumenical Temple
  4151 | D:5      | Entered Level 5 of the Dungeon
  4167 | D:5      | Noticed a water moccasin
  4177 | D:5      | Killed a water moccasin
  4178 | D:5      | Reached skill level 5 in Fighting
  4178 | D:5      | Reached XP level 7. HP: 61/61 MP: 6/6
  4543 | D:5      | Reached skill level 5 in Armour
  5101 | D:5      | Found a glowing silver altar of Zin.
  5101 | D:5      | Found a sparkling altar of Nemelex Xobeh.
  6044 | D:6      | Reached XP level 8. HP: 65/69 MP: 7/7
  6317 | D:7      | Reached skill level 1 in Stealth
  6389 | D:7      | Noticed a troll
  6412 | D:7      | Killed a troll
  6413 | D:7      | Reached skill level 1 in Throwing
  6860 | D:7      | Noticed a hornet
  6873 | D:7      | Killed a hornet
  6887 | D:7      | Reached XP level 9. HP: 77/77 MP: 8/8
  7036 | D:7      | Reached skill level 10 in Axes
  7471 | D:7      | Found the +27 Lear's hauberk
  7610 | D:8      | Noticed a troll
  7617 | D:8      | Killed a troll
  7625 | D:8      | Reached **** piety under Trog
  8437 | D:8      | Noticed Prince Ribbit
  8450 | D:8      | Killed Prince Ribbit
  8451 | D:8      | Reached XP level 10. HP: 76/86 MP: 9/9
  8660 | D:8      | Found a staircase to the Lair.
  8849 | D:9      | Reached skill level 5 in Throwing
  9038 | D:9      | Noticed Erolcha
  9045 | D:9      | Cast into level 2 of the Abyss (Erolcha)
  9127 | Abyss:2  | Noticed a tentacled starspawn
  9140 | Abyss:2  | Killed a tentacled starspawn
  9141 | Abyss:2  | Reached skill level 1 in Long Blades
  9141 | Abyss:2  | Reached skill level 1 in Polearms
  9145 | Abyss:2  | Noticed a tentacled starspawn
  9172 | Abyss:2  | Killed a tentacled starspawn
  9173 | Abyss:2  | Reached skill level 10 in Armour
  9177 | D:9      | Escaped the Abyss
  9180 | D:9      | Killed Erolcha
  9181 | D:9      | Reached XP level 11. HP: 52/95 MP: 10/10
  9423 | D:9      | Reached ***** piety under Trog
  9528 | D:9      | Noticed Harold
  9547 | D:9      | Killed Harold
  9728 | D:9      | Found a staircase to the Orcish Mines.
 10730 | D:10     | Entered Level 10 of the Dungeon
 10896 | D:10     | Reached skill level 5 in Polearms
 11128 | D:10     | Gained mutation: Your body sometimes deteriorates upon
                  | taking damage. [a neqoxec]
 11300 | D:10     | Noticed a purple ugly thing
 11304 | D:10     | Killed a purple ugly thing
 11900 | D:11     | Noticed a white ugly thing
 11915 | D:11     | Killed a white ugly thing
 11947 | D:11     | Noticed a centaur warrior
 11958 | D:11     | Killed a centaur warrior
 12078 | D:11     | Noticed a boulder beetle
 12092 | D:11     | Killed a boulder beetle
 12462 | D:11     | Noticed a two-headed ogre
 12469 | D:11     | Killed a two-headed ogre
 12578 | D:11     | Noticed Snorg
 12591 | D:11     | Killed Snorg
 12592 | D:11     | Reached XP level 12. HP: 91/106 MP: 11/11
 12957 | D:12     | Noticed a two-headed ogre
 12965 | D:12     | Killed a two-headed ogre
 12966 | D:12     | Reached skill level 10 in Fighting
 13143 | D:12     | Reached skill level 10 in Polearms
 13150 | D:12     | Reached skill level 5 in Dodging
 13406 | D:12     | Noticed an eight-headed hydra
 13407 | D:12     | Noticed a two-headed ogre
 13428 | D:12     | Killed a 15-headed hydra
 13434 | D:12     | Killed a two-headed ogre
 13599 | D:12     | Identified the +4 flail of Cadgh {freeze, rElec rF+ Str+4
                  | SInv}
 13617 | D:12     | Noticed a centaur warrior
 13626 | D:12     | Killed a centaur warrior
 14245 | D:12     | Noticed a tengu reaver
 14258 | D:12     | Killed a tengu reaver
 14670 | D:12     | Noticed a vault guard
 14682 | D:12     | Killed a vault guard
 14690 | D:12     | Found a portal to a secret trove of treasure.
 14947 | D:13     | Noticed a vault guard
 14947 | D:13     | Noticed a vault guard
 14951 | D:13     | Killed a vault guard
 14952 | D:13     | Reached XP level 13. HP: 115/115 MP: 12/12
 14984 | D:13     | Found a gate to the Vaults.
 15722 | D:13     | Reached skill level 10 in Throwing
 15725 | D:13     | Received a gift from Trog
 16199 | D:14     | Reached skill level 1 in Maces & Flails
 16334 | D:14     | Found Yziy's Weapon Emporium.
 17120 | D:14     | Reached skill level 1 in Evocations
 17705 | D:15     | Entered Level 15 of the Dungeon
 17922 | D:14     | Reached skill level 5 in Maces & Flails
 18032 | D:15     | Found a staircase to the Depths.
 18073 | D:15     | Reached XP level 14. HP: 103/125 MP: 8/13
 18572 | D:15     | Identified the +1 robe "Jorenoc" {rElec rC+ Dex+2}
 19169 | D:15     | Found an ornate altar of the Wu Jian Council.
 19237 | Depths:1 | Entered Level 1 of the Depths
 19237 | Depths:1 | Noticed a stone giant
 19242 | Depths:1 | Killed a stone giant
 19390 | Depths:1 | Noticed a stone giant
 19390 | Depths:1 | Noticed a reaper
 19393 | Depths:1 | Gained mutation: You tend to lose your temper in combat. [a
                  | neqoxec]
 19398 | Depths:1 | Gained mutation: Potions are less effective at restoring
                  | your health. [a neqoxec]
 19400 | Depths:1 | Killed a stone giant
 19406 | Depths:1 | Killed a reaper
 19708 | Depths:1 | Found a one-way gate leading to the halls of Pandemonium.
 20528 | Depths:1 | Noticed a stone giant
 20532 | Depths:1 | Noticed a brown very ugly thing
 20533 | Depths:1 | Noticed a brown very ugly thing
 20535 | Depths:1 | Noticed a brown very ugly thing
 20537 | Depths:1 | Noticed a brown very ugly thing
 20562 | Depths:1 | Slain by a brown very ugly thing

Illustrated notes

Levels and vault maps discovered:
D:1:      doesnt_arrival_eight_statues, layout_rooms, st_stairs_7,
          roderic_lattice_a
D:2:      minmay_chambers_of_twos, layout_basic,
          shapermc_ecumenical_altar_mp_vishouse
D:3:      layout_basic, overflow_temple_1_default, demons_altar
D:4:      layout_loops_corners, minmay_temple_entry_waves
D:5:      layout_layer_cave, gammafunk_temple_overflow_statue,
          cheibrodos_sewer_entry_bend
D:6:      layout_cave_pools
D:7:      layout_gridville, hellmonk_guarded_unrand_lears
D:8:      layout_basic, erik_lair_island, hangedman_abyss_or_decor_stabs,
          uniq_prince_ribbit1
D:9:      layout_small_grid, minmay_orc_entry_temple_small, uniq_harold,
          uniq_erolcha
D:10:     layout_loops_ring
D:11:     layout_gridville, minmay_radiant, uniq_snorg
D:12:     layout_roguey, enter_trove_5, minmay_the_grid_2x2
          [minmay_the_grid_outer_circle, minmay_the_grid_outer_diamond,
          minmay_the_grid_all_tris, minmay_the_grid_prize_diamond_cup]
D:13:     layout_grid_maze, ximxim_vaults_locker_room, lemuel_nasty_fountain
D:14:     layout_roguey, serial_bayou_ford_a, serial_shops, shop,
          minmay_misc_feat_ornament
D:15:     gammafunk_depths_entry_grave, layout_basic,
          pdpol_wu_jian_five_deadly_venoms, feat_on_display
Temple:   hc_temple_tempest_star
Depths:1: layout_gridlike, hellmouth_2, hangedman_abyss_entry_splay,
          hangedman_decor_diamond_cutter, grunt_pan_entry_spiral,
          grunt_ministairs_7, hangedman_abyss_or_decor_lesser_grid,
          kennysheep_small_square, infiniplex_staircase_pool_lava

Skill      XL: |  1  2  3  4  5  6  7  8  9 10 11 12 13 14 |
---------------+-------------------------------------------+-----
Axes           | 4 5 6 7 8 9 11 12 | 12.5
Fighting       | 4 5 6 7 8 9 10 11 12 | 12.1
Armour         | 3 4 6 8 9 10 11 12 13 | 13.8
Dodging        | 3 4 5 6 |  6.8
Stealth        | 1 2 |  2.5
Throwing       | 2 4 5 7 9 10 | 10.4
Long Blades    | 2 |  2.9
Polearms       | 3 9 12 13 | 13.6
Maces & Flails | 6 7 |  7.8
Evocations     | 1 |  1.8

Action                   |  1- 3 |  4- 6 |  7- 9 | 10-12 | 13-15 || total
-------------------------+-------+-------+-------+-------+-------++-------
Melee: Hand axe          |    97 |    96 |   254 |    45 |       ||   492
       Headbutt          |    15 |    20 |    45 |    78 |   103 ||   261
       Halberd           |       |       |       |   343 |   142 ||   485
       Great sword       |       |       |       |     5 |       ||     5
       Flail             |       |       |       |       |   211 ||   211
       Dire flail        |       |       |       |       |    23 ||    23
       War axe           |       |       |       |       |     1 ||     1
Throw: Boomerang         |     3 |       |    60 |    44 |       ||   107
       Dart              |       |       |       |   119 |    41 ||   160
       Throwing net      |       |       |       |     1 |     1 ||     2
Invok: Berserk           |       |       |     6 |     9 |     5 ||    20
       Brothers in Arms  |       |       |       |     2 |     3 ||     5
       Trog's Hand       |       |       |       |       |     2 ||     2
Evoke: Wand              |       |       |       |     2 |     9 ||    11
       Lightning rod     |       |       |       |     4 |     8 ||    12
  Use: Potion            |     1 |     1 |       |     4 |     9 ||    15
       Scroll            |     3 |     1 |     3 |    11 |     5 ||    23
Armor: Animal skin       |     2 |       |       |       |       ||     2
       Leather armour    |     7 |       |       |       |       ||     7
       Chain mail        |    41 |    40 |   156 |   383 |   414 ||  1034
Dodge: Dodged            |    50 |    46 |   108 |   193 |   247 ||   644

Table legend: (Time is in decaauts)
 A = Elapsed time spent in this place.
 B = Non-inter-level travel time spent in this place.
 C = Inter-level travel time spent in this place.
 D = Time resting spent in this place.
 E = Time spent auto-exploring this place.
 F = Levels seen in this place.
 G = Mean time per level.
                   A        B        C        D        E       F      G
               +--------+--------+--------+--------+--------+-----+--------+
         Total |  20537 |  20303 |    234 |   4343 |  11761 |  18 | 1140.9 |
       Dungeon |  18968 |  18744 |    224 |   3714 |  11178 |  15 | 1264.5 |
        Temple |     80 |     72 |      8 |      0 |     14 |   1 |   80.0 |
        Depths |   1362 |   1361 |      1 |    629 |    505 |   1 | 1362.0 |
         Abyss |    127 |    127 |      0 |      0 |     63 |   1 |  127.0 |
               +--------+--------+--------+--------+--------+-----+--------+

Top non-repeatable levels by time:
    D:12: 1871 daAuts
     D:9: 1783 daAuts
    D:14: 1663 daAuts
    D:15: 1431 daAuts
Depths:1: 1362 daAuts
     D:5: 1318 daAuts
     D:8: 1297 daAuts
     D:7: 1244 daAuts
    D:13: 1244 daAuts
    D:11: 1210 daAuts
     D:4: 1203 daAuts
     D:3: 1099 daAuts
    D:10: 990 daAuts
     D:2: 904 daAuts
     D:1: 884 daAuts
